 Dungeon Crawl Stone Soup version 0.31-a0-18-gea43df2a32 (webtiles) character file.

Game seed: 17384905480104409965

2111771 KimchiStew the Merfolkian Blade (level 27, 199/199 HPs)
             Began as a Merfolk Summoner on May 11, 2023.
             Was an Initiate of Gozag.
             Escaped with the Orb
             ... and 4 runes!
             The game lasted 02:43:48 (80212 turns).

KimchiStew the Merfolkian Blade (Merfolk Summoner) Turns: 80212, Time: 02:43:49

Health: 199/199    AC: 16    Str: 17    XL:     27
Magic:  57/57      EV: 33    Int: 21    God:    Gozag
Gold:   4153       SH:  0    Dex: 28    Spells: 9/50 levels left

rFire   + + .        g - +9 triple sword (vamp)
rCold   + . .        (shield currently unavailable)
rNeg    . . .        R - +3 ring mail "Eduxusch" {rElec Dex+3}
rPois   .            O - +0 hat "Qecel" {rF+ Int+4 SInv}
rElec   +            J - +2 cloak {rCorr}
rCorr   +            h - +0 pair of gloves "Aramuke" {Regen+}
SInv    +            k - +0 pair of boots of Xuitalep {Str+3 Dex+8}
Will    ++...        d - amulet of Vitality {RegenMP++ Regen++}
Stlth   +            U - ring "Sajaumeng" {Wiz +Blink MP+9 Str+3 SInv}
HPRegen 2.93/turn    I - ring of the Chewing Gods {rF+ rC+ MP+9 Int-4}
MPRegen 1.15/turn

%: wizardry (x1)
@: no status effects
A: (nimble swimmer 2), mertail, horns 1, clumsy 1, frail 1, noise suppression
0: Orb of Zot
}: 4/15 runes: serpentine, barnacled, slimy, silver
a: Renounce Religion, Evoke Blink, Potion Petition, Call Merchant, Bribe Branch


You escaped.
You worshipped Gozag.
Gozag was most pleased with you.
You visited 10 branches of the dungeon, and saw 52 of its levels.
You visited the Abyss 4 times.
You visited 1 bazaar.
You also visited: Sewer, Bailey and Ice Cave.

You collected 34297 gold pieces.
You spent 6038 gold pieces at shops.
You paid 24106 gold pieces to Gozag.

Inventory:

Hand Weapons
 g - a +9 vampiric triple sword (weapon)
 q - a +8 double sword of holy wrath
Missiles
 e - 7 throwing nets
 V - 25 poisoned darts (quivered)
 Y - 7 curare-tipped darts
Armour
 h - the +0 pair of gloves "Aramuke" (worn) {Regen+}
   (You found it on level 1 of the Orcish Mines)

   Regen:     It increases your rate of health regeneration.
 k - the +0 pair of boots of Xuitalep (worn) {Str+3 Dex+8}
   (You acquired it on level 1 of the Vaults)

   Str:       It affects your strength (+3).
   Dex:       It affects your dexterity (+8).
 J - a +2 cloak of preservation (worn)
 O - the +0 hat "Qecel" (worn) {rF+ Int+4 SInv}
   (You found it on level 1 of the Vaults)

   Int:       It affects your intelligence (+4).
   rF:        It protects you from fire.
   SInv:      It lets you see invisible.
 R - the +3 ring mail "Eduxusch" (worn) {rElec Dex+3}
   (You found it on level 7 of the Dungeon)

   Dex:       It affects your dexterity (+3).
   rElec:     It insulates you from electricity.
Jewellery
 a - a +4 ring of protection
 d - the amulet of Vitality (around neck) {RegenMP++ Regen++}
   (You took it off a royal mummy on level 2 of the Depths)

   [amulet of magic regeneration]

   It increases your rate of magic regeneration.
   Regen:     It increases your rate of health regeneration.
 p - a ring of positive energy
 I - the ring of the Chewing Gods (right hand) {rF+ rC+ MP+9 Int-4}
   (You found it on level 3 of the Elven Halls)

   [ring of magical power]

   Int:       It affects your intelligence (-4).
   rF:        It protects you from fire.
   rC:        It protects you from cold.
   MP:        It affects your magic capacity (+9).
 K - a ring of protection from fire
 U - the ring "Sajaumeng" (left hand) {Wiz +Blink MP+9 Str+3 SInv}
   (You bought it in a shop on level 3 of the Lair of Beasts)

   [ring of wizardry]

   It improves your spell success rate.
   Str:       It affects your strength (+3).
   MP:        It affects your magic capacity (+9).
   SInv:      It lets you see invisible.
   +Blink:    It lets you blink.
 W - a ring of resist corrosion
Wands
 i - a wand of light (9)
 n - a wand of roots (40)
 r - a wand of digging (7)
 w - a wand of paralysis (73)
 F - a wand of mindburst (54)
 S - a wand of flame (91)
Scrolls
 f - 17 scrolls of enchant armour
 j - 11 scrolls of fear
 t - 11 scrolls of vulnerability
 u - 9 scrolls of fog
 y - a scroll of enchant weapon
 N - 4 scrolls of silence
 P - 10 scrolls of teleportation
 T - 5 scrolls of immolation
 X - 5 scrolls of poison
Potions
 b - a potion of magic
 c - 3 potions of curing
 l - 5 potions of resistance
 v - 7 potions of mutation
 z - 3 potions of might
 A - 8 potions of attraction
 B - 4 potions of flight
 C - 2 potions of invisibility
 D - 5 potions of heal wounds
 E - a potion of haste
 H - 12 potions of lignification
 L - 9 potions of ambrosia
 M - 3 potions of brilliance
Miscellaneous
 o - a box of beasts (inert)
 s - a phial of floods
 x - a phantom mirror (inert)


   Skills:
 + Level 19.2 Fighting
 * Level 25.8 Long Blades
 - Level 10.0 Polearms
 - Level 5.0 Throwing
 - Level 10.0 Armour
 + Level 23.1 Dodging
 - Level 4.0 Stealth
 - Level 12.0 Spellcasting
 - Level 18.0 Hexes
 - Level 12.0 Summonings
 - Level 12.0 Translocations
 - Level 16.1 Transmutations
 - Level 10.0 Earth Magic
 - Level 14.0 Evocations


You had 9 spell levels left.
You knew the following spells:

 Your Spells              Type           Power      Damage    Failure   Level
a - Manifold Assault      Tloc           58%        N/A       1%          4
b - Yara's Violent Unrav  Hex/Tmut       35%        3d14      1%          5
c - Statue Form           Tmut/Erth      40%        N/A       2%          6
d - Summon Forest         Summ/Tloc      29%        N/A       1%          5
e - Summon Small Mammal   Summ           100%       N/A       1%          1
f - Tukima's Dance        Hex            73%        N/A       0%          3
g - Lesser Beckoning      Tloc           100%       N/A       1%          2
h - Call Imp              Summ           100%       N/A       1%          2
i - Call Canine Familiar  Summ           58%        N/A       1%          3
j - Summon Guardian Gole  Hex/Summ       66%        N/A       1%          3
k - Enfeeble              Hex            36%        N/A       1%          7

Your spell library contained the following spells:

 Spells                   Type           Power      Damage    Failure   Level
 Beastly Appendage        Tmut           100%       N/A       0%          1
 Confusing Touch          Hex            73%        N/A       0%          3
 Sting                    Tmut/Pois      100%       1d8       1%          1
 Ensorcelled Hibernation  Hex/Ice        100%       N/A       1%          2
 Dazzling Flash           Conj/Hex       100%       N/A       1%          3
 Gell's Gravitas          Tloc           58%        N/A       1%          3
 Ignite Poison            Fire/Tmut/Pois 35%        N/A       1%          3
 Inner Flame              Hex/Fire       50%        N/A       1%          3
 Portal Projectile        Hex/Tloc       100%       N/A       1%          3
 Spider Form              Tmut/Pois      46%        N/A       1%          3
 Stone Arrow              Conj/Erth      66%        3d11      1%          3
 Teleport Other           Tloc           58%        N/A       1%          3
 Vhi's Electric Charge    Tloc/Air       74%        N/A       1%          3
 Volatile Blastmotes      Fire/Tloc      74%        2d16      1%          3
 Anguish                  Hex/Necr       25%        N/A       1%          4
 Animate Armour           Summ/Erth      100%       N/A       1%          4
 Cause Fear               Hex            36%        N/A       1%          4
 Fulminant Prism          Conj/Hex       25%        3d14      1%          4
 Leda's Liquefaction      Hex/Erth       31%        N/A       1%          4
 Passage of Golubria      Tloc           58%        N/A       1%          4
 Petrify                  Tmut/Erth      61%        N/A       1%          4
 Blade Hands              Tmut           34%        N/A       1%          5
 Lee's Rapid Deconstruct  Erth           26%        3d14*     1%          5
 Iskenderun's Mystic Bla  Conj/Tloc      37%        2d9       2%          4
 Summon Lightning Spire   Summ/Air       37%        N/A       2%          4
 Silence                  Hex/Air        25%        N/A       2%          5
 Freeze                   Ice            48%        1d6       3%          1
 Kiss of Death            Conj/Necr      48%        2d9       3%          1
 Necrotise                Necr           48%        1d6       3%          1
 Dispersal                Tloc           29%        N/A       4%          6
 Summon Cactus Giant      Summ           29%        N/A       4%          6
 Dragon Form              Tmut           34%        N/A       4%          7
 Cigotuvi's Dreadful Rot  Necr/Pois/Air  24%        N/A       5%          2
 Poisonous Vapours        Pois/Air       24%        N/A       5%          2
 Static Discharge         Conj/Air       24%        2-3/arc   5%          2
 Frozen Ramparts          Ice            24%        1d4       11%         3
 Hailstorm                Conj/Ice       12%        3d5       11%         3
 Mephitic Cloud           Conj/Pois/Air  12%        N/A       11%         3
 Eringya's Noxious Bog    Tmut/Pois      23%        N/A       19%         6
 Monstrous Menagerie      Summ           29%        N/A       21%         7
 Summon Hydra             Summ           29%        N/A       21%         7
 Airstrike                Air            6%         2d(1-17)  32%         4
 Dispel Undead            Necr           12%        3d9       32%         4
 Iron Shot                Conj/Erth      16%        9d4       52%         6
 Agony                    Necr           12%        N/A       65%         5
 Arcjolt                  Conj/Air       6%         1d16      65%         5
 Freezing Cloud           Conj/Ice/Air   6%         6-21      65%         5
 Iskenderun's Battlesphe  Conj           12%        2d7       65%         5
 Storm Form               Tmut/Air       23%        N/A       69%         7
 Disjunction              Tloc           29%        N/A       82%         8
 Haunt                    Necr/Summ      18%        N/A       91%         7
 Spellforged Servitor     Conj/Summ      18%        N/A       91%         7
 Death Channel            Necr           6%         N/A       99%         6
 Plasma Beam              Fire/Air       6%         2x1d18    99%         6
 Starburst                Conj/Fire      6%         6d4       99%         6
 Lehudib's Crystal Spear  Conj/Erth      16%        10d5      100%        8
 Maxwell's Capacitive Co  Air            6%         ∞         100%        8


Dungeon Overview and Level Annotations

Branches:
Dungeon (15/15)            Temple (0/1) D:4            Lair (5/5) D:9
 Shoals (4/4) Lair:3        Snake (4/4) Lair:2        Slime (5/5) Lair:4
    Orc (2/2) D:10            Elf (3/3) Orc:2        Vaults (5/5) D:13
  Crypt (0/3) Vaults:3     Depths (4/4) D:15            Zot (5/5) Depths:4
  Sewer (visited)          Bailey (visited)           IceCv (visited)

Altars:
Cheibriados
Dithmenos
Gozag
Kikubaaqudgha
Trog
Jiyva
Lugonu

Shops:
D:2 !   D:6 [   D:10 (   D:12 ?   Orc:2 ([*:[   Elf:1 ?   Elf:3 :?   Lair:3 =
Shoals:2 =   Vaults:4 (!:*=   Depths:1 *=::

Portals:
Hell: Depths:1 Depths:2 Depths:3 Depths:4
Abyss: Zot:4 Depths:1 Depths:3 Depths:4
Pandemonium: Depths:1 Depths:2
Ziggurat: Depths:1
Trove: D:12 (give 8 scrolls of blinking)

Annotations:
D:7 1 runed translucent door
Lair:2 1 runed translucent door
Lair:5 exclusion: 3 doors
Orc:1 1 transporter
Elf:2 3 runed translucent doors
Vaults:3 1 runed translucent door, Dyrphilu's ghost, adept GnMo
Zot:4 Mgcat's ghost, veteran AtFi


Innate Abilities, Weirdness & Mutations

((You are very nimble when in or above water. (Stealth+, EV+, Speed+++)))
Your lower body shifts to a powerful aquatic tail in water.
You have a pair of small horns on your head.
You are clumsy. (Dex -2)
You are frail. (-10% HP)
You passively dampen the noise of your surroundings.


Message History

You hit the balrug.
You slice the demonspawn blood saint like a ripe choko!!!
You are covered in liquid flames!
Casting: Manifold Assault (safe; 1% risk of failure)
Confirm with . or Enter, or press ? or * to list all spells.
Space momentarily warps into an impossible shape!
You carve the balrug like a ham!!! You slash the demonspawn blood saint!
You are covered in liquid flames!
The balrug completely misses you.
Casting: Manifold Assault (safe; 1% risk of failure)
Confirm with . or Enter, or press ? or * to list all spells.
Space momentarily warps into an impossible shape!
You chop the balrug into pieces!!!
You kill the balrug!
You slash the demonspawn blood saint!
You are covered in liquid flames!
You are no longer on fire.
Casting: Manifold Assault (safe; 1% risk of failure)
Confirm with . or Enter, or press ? or * to list all spells.
Space momentarily warps into an impossible shape!
You slice the demonspawn blood saint like a ripe choko!!!
You kill the demonspawn blood saint!
Casting: Manifold Assault (safe; 1% risk of failure)
Confirm with . or Enter, or press ? or * to list all spells.
You can't see any susceptible monsters within range! (Use Z to cast anyway.)
You now have 4148 gold pieces (gained 21).
You see here a +0 demon whip of electrocution.
You now have 4153 gold pieces (gained 5).
Things that are here:
a +2 dagger; a +2 robe of cold resistance The frilled lizard hisses angrily.
Press: ? - help, . - travel You can't see that place. [a staircase leading out of the dungeon.]
The hound barks!
The frilled lizard is distracted by your dazzling golden aura.
The frilled lizard is no longer distracted by gold.
You feel a little less mighty now.
There is a staircase leading out of the dungeon here.
You have escaped!

#..#######...................##
##..#####...##..####...........#
)......#...###..# #...........#
............##..# #...........#
.#...........#..####...........#
.#...........##....#...........#
##...........##...............##
###........#################.##
##...#...# #@........#####
###.###.# ##########....#
#####.....###.............#
##.........#...............#
...........#.8..#######..8.#
...........#....#hhlsN#....#
##.........#.8..#######..8.#
#.........#...............#
#.........###.8..)....8.###


There were no monsters in sight!

Vanquished Creatures
  the Royal Jelly (Slime:5)
  A pandemonium lord (D:15)
  An ancient lich (Abyss:3)
  2 dread liches
  Mara (Shoals:3)
  Mennas (Depths:3)
  A royal mummy (Depths:2)
  Saint Roka (Elf:3)
  4 caustic shrikes (Depths:4)
  4 golden dragons
  A curse toe (Zot:5)
  A profane servitor (Abyss:3)
  4 bone dragons
  A Tzitzimitl (D:15)
  An electric golem (Zot:4)
  Rupert (Lair:4)
  A shard shrike zombie (Abyss:3)
  11 tentacled monstrosities
  A lich (Abyss:3)
  A titan (Vaults:4)
  A walking earthen tome (Depths:3)
  2 deep elf blademasters (Elf:3)
  2 deep elf master archers (Elf:3)
  3 quicksilver dragons
  9 Orb Guardians (Zot:5)
  A kraken (Shoals:2)
  The ghost of Kejiv the Protected, an adept AtNe of Dithmenos (Vaults:1)
  Polyphemus (Shoals:3)
  16 acid blobs
  10 sphinxes
  4 death cobs
  Kirke (Snake:4)
  An Executioner (Abyss:3)
  10 tentacled starspawn
  4 tengu reavers
  8 storm dragons
  A revenant (Abyss:3)
  Donald (Shoals:1)
  3 nagarajas (Snake:4)
  A daeva (Abyss:4)
  9 shadow dragons
  A draconian knight (Zot:5)
  6 fire giants
  10 azure jellies
  6 deep elf sorcerers (Elf:3)
  Roxanne (D:14)
  7 frost giants
  A juggernaut zombie (Depths:3)
  8 rockslimes
  Louise (Shoals:2)
  An iron dragon (Vaults:5)
  A spectral juggernaut (Depths:3)
  12 vault wardens
  Aizul (Snake:2)
  A draconian scorcher (Zot:5)
  4 deep elf elementalists (Elf:3)
  2 spectral caustic shrikes (Depths:3)
  2 draconian stormcallers (Depths:4)
  4 balrugs
  A cacodemon (Abyss:3)
  2 draconian annihilators
  13 quicksilver oozes
  3 war gargoyles
  30 very ugly things
  3 draconian shifters (Zot:5)
  A spriggan defender (Depths:4)
  A quicksilver ooze (shapeshifter) (Vaults:5)
  2 starflowers (Abyss:3)
  5 orc warlords
  A caustic shrike skeleton (Abyss:3)
  19 ironbound preservers
  A demonspawn blood saint (D:1)
  5 ironbound thunderhulks
  12 stone giants
  4 green draconians
  8 deep elf demonologists
  3 white draconians
  Azrael (D:15)
  2 yellow draconians (Zot:5)
  6 red draconians
  9 deep elf annihilators
  An eidolon (Vaults:3)
  6 purple draconians
  10 deep elf death magi
  6 dire elephants
  The ghost of Reshi88 the Unseen, a journeyman SpHu of Xom (Lair:4)
  8 ettins
  4 merfolk impalers
  3 blizzard demons
  3 merfolk javelineers (Shoals:4)
  2 crystal guardians
  6 fire dragons
  11 yaktaur captains
  4 mummy priests (Depths:2)
  2 entropy weavers
  13 great orbs of eyes
  6 deep elf high priests
  2 spriggan zombies
  Erolcha (D:10)
  10 ice dragons
  29 vault guards
  Harold (Orc:1)
  2 salamander tyrants (Snake:4)
  5 hydras
  3 hell beasts
  6 rakshasas
  2 juggernaut simulacra (Depths:3)
  2 peacekeepers (Vaults:2)
  An ogre mage (Vaults:4)
  7 ironbound frosthearts
  A spriggan skeleton (Depths:3)
  2 spriggan air magi (Depths:4)
  2 spectral frost giants (Depths:3)
  3 catoblepae
  4 boulder beetles
  4 alligator snapping turtles
  2 merfolk avatars
  4 centaur warriors
  2 death knights
  19 dancing weapons
  A spectral sphinx (Depths:3)
  An anaconda (shapeshifter) (Vaults:5)
  15 naga warriors
  3 two-headed ogres
  7 deep troll earth magi
  5 satyrs
  2 tengu warriors (Depths:2)
  11 deep troll shamans
  3 merfolk aquamancers
  5 vampire magi
  6 anacondas
  7 death yaks
  3 spriggan berserkers
  9 shock serpents
  7 hell hogs
  3 orc high priests
  25 thrashing horrors
  7 hell knights
  14 naga sharpshooters
  4 iron trolls
  A storm dragon zombie (Depths:3)
  2 titan zombies (Depths:3)
  16 sun demons
  A soul eater (Vaults:3)
  19 deep elf knights
  6 skeletal warriors
  3 salamander mystics
  A sixfirhy (Depths:2)
  4 skysharks
  7 wretched stars
  A skyshark (shapeshifter) (Vaults:5)
  A titan skeleton (Abyss:3)
  2 quicksilver dragon simulacra
  2 golden dragon zombies
  16 deep elf archers
  6 glowing orange brains
  An orb spider (Abyss:3)
  14 sea snakes
  4 flayed ghosts
  A shadow demon (Abyss:3)
  9 naga ritualists
  68 deep trolls
  3 spatial maelstroms
  3 lindwurms
  18 large abominations
  2 spectral iron dragons (Depths:3)
  15 ironbound convokers
  28 deep elf pyromancers
  4 phantasmal warriors
  A sphinx zombie (Depths:2)
  12 wizards
  A shadow dragon zombie (Depths:2)
  7 necromancers
  10 salamanders
  25 harpies
  23 deep elf zephyrmancers
  55 ugly things
  9 manticores
  19 fauns
  A frost giant zombie (Depths:3)
  10 orc knights
  6 orc sorcerers
  5 moths of wrath
  A shadow dragon skeleton (Depths:3)
  11 cyclopes
  A worldbinder (Abyss:3)
  13 mana vipers
  7 shining eyes
  12 elephants
  A fire giant skeleton (Depths:2)
  13 vault sentinels
  3 guardian serpents (Snake:2)
  17 naga magi
  37 black mambas
  6 water nymphs
  2 merfolk sirens (Shoals:4)
  8 smoke demons
  5 eyes of devastation
  2 orange demons (Abyss:3)
  7 demonic crawlers
  2 ice statues (IceCv)
  An apocalypse crab (Abyss:4)
  A storm dragon simulacrum (Depths:3)
  8 cane toads
  An unseen horror (Abyss:3)
  3 gargoyles
  4 hellions
  3 komodo dragons
  29 yaktaurs
  A yaktaur (shapeshifter) (Abyss:3)
  3 kobold demonologists
  6 efreet
  2 tengu conjurers (Depths:1)
  2 tormentors
  An ice devil (Depths:2)
  6 rime drakes
  7 ancient zymes
  2 guardian mummies (Depths:2)
  9 trolls
  3 polar bears
  25 merfolk
  2 hellwings
  9 wind drakes
  3 hornets
  4 meliai
  A tengu simulacrum (Depths:3)
  2 harpy skeletons (Abyss:3)
  24 raiju
  8 blink frogs
  An ettin zombie (Vaults:3)
  5 snapping turtles
  15 dream sheep
  54 slime creatures
  8 flying skulls
  A jumping spider (shapeshifter) (D:14)
  An iron dragon simulacrum (Depths:3)
  3 spriggans
  A spriggan (shapeshifter) (Vaults:5)
  An ettin skeleton (Abyss:2)
  3 air elementals
  9 water elementals
  8 ynoxinuls
  21 yaks
  A shadow (D:12)
  A vampire (D:14)
  A deep troll skeleton (Vaults:3)
  A wyvern (D:9)
  4 fire elementals
  A hog (Snake:4)
  9 wraiths
  2 golden eyes (Abyss:3)
  8 humans
  32 starcursed masses
  A basilisk (D:13)
  8 neqoxecs
  2 spriggan simulacra
  5 chaos spawn
  10 vampire mosquitoes
  A redback (Vaults:2)
  6 wargs
  10 spatial vortices
  38 nagas
  4 acid dragons
  11 water moccasins
  2 glowing shapeshifter skeletons (Depths:3)
  13 hell hounds
  2 floating eyes
  2 swamp drakes (D:14)
  50 orc warriors
  A sky beast (Abyss:3)
  4 ice beasts
  5 ogres
  7 wolves
  10 centaurs
  2 black bears
  27 small abominations
  A phantom (D:7)
  4 kobold brigands
  9 bullfrogs
  A cane toad simulacrum (Lair:5)
  A gnoll sergeant (D:8)
  3 killer bees (D:11)
  4 lindwurm simulacra (IceCv)
  A howler monkey (D:8)
  3 hounds
  A quasit (Abyss:3)
  A crimson imp (Abyss:3)
  2 komodo dragon simulacra (IceCv)
  22 orc priests
  An iron imp (Abyss:4)
  2 sleepcaps
  2 gnoll boudas
  23 orc wizards
  7 hell rats (Lair:4)
  A mummy (Depths:2)
  8 gnolls
  6 acid dragon simulacra (IceCv)
  7 adders
  A white imp (Abyss:3)
  9 steam dragon simulacra (IceCv)
  2 worms
  A dart slug (D:3)
  110 orcs
  4 bats
  3 endoplasms
  7 giant cockroaches
  12 goblins
  3 hobgoblins
  2 jackals (D:1)
  10 kobolds
  A quokka (D:4)
  3 ball pythons
  8 frilled lizards
  3 rats
  3 lurking horrors
  11 starspawn tentacles
  4 tentacles (Shoals:2)
2147 creatures vanquished.

Vanquished Creatures (collateral kills)
  A dread lich (Zot:5)
  Bai Suzhen (Elf:3)
  A Killer Klown (Zot:5)
  A golden dragon (Zot:4)
  An electric golem (Zot:5)
  5 Orb Guardians (Zot:5)
  3 quicksilver dragons
  2 Executioners
  A titan (Vaults:5)
  A sphinx (Vaults:5)
  5 shadow dragons
  3 storm dragons
  2 vault wardens
  A frost giant (Vaults:5)
  A ghost moth (Zot:5)
  A pandemonium lord (D:9)
  An ironbound thunderhulk (Vaults:3)
  An ettin (Orc:1)
  A deep elf high priest (Vaults:5)
  6 vault guards
  A two-headed ogre (D:10)
  A spriggan berserker (Depths:4)
  A flayed ghost (Depths:4)
  2 deep trolls (Vaults:5)
  A golden dragon zombie (Depths:3)
  An ironbound convoker (Vaults:4)
  A phantasmal warrior (Vaults:5)
  A mana viper (Snake:2)
  An ugly thing (Vaults:5)
  2 moths of wrath (Zot:5)
  An elephant (Lair:5)
  A naga mage (Snake:3)
  A water nymph (Shoals:1)
  3 vault sentinels
  A hellion (Zot:5)
  2 yaktaurs (Vaults:4)
  A freezing wraith (Vaults:5)
  A komodo dragon (D:7)
  A yaktaur skeleton (Vaults:3)
  A dream sheep (Shoals:1)
  A wraith (Vaults:3)
  A yak (Lair:5)
  A basilisk (D:11)
  A hog (Snake:4)
  A chaos spawn (Zot:1)
  2 wargs (Orc:1)
  4 water moccasins
  5 orc warriors
  3 ogres
  2 wolves (Lair:3)
  A kobold brigand (D:9)
  A phantom (D:4)
  2 bullfrogs
  A gnoll sergeant (D:9)
  A scorpion (D:4)
  2 hounds (D:5)
  3 orc priests
  3 iguanas
  An orc wizard (D:7)
  4 adders
  15 gnolls
  A shadow imp (D:8)
  A white imp (D:3)
  3 worms
  39 orcs
  A bat (D:2)
  2 endoplasms
  3 giant cockroaches
  3 hobgoblins
  2 jackals (D:1)
  4 kobolds
  2 ball pythons
  6 goblins
186 creatures vanquished.

Vanquished Creatures (others)
  An orb of fire (Zot:5)
  A Killer Klown (Zot:5)
  An electric golem (Zot:5)
  3 tentacled monstrosities
  5 Orb Guardians (Zot:5)
  2 titans (Vaults:5)
  A sphinx (Vaults:5)
  Gastronok (Lair:3)
  A storm dragon (Zot:5)
  2 tengu reavers (Vaults:5)
  2 fire giants (Vaults:5)
  A frost giant (Vaults:5)
  A vault warden (Vaults:5)
  An ironbound preserver (Vaults:5)
  2 stone giants (Vaults:5)
  2 war gargoyles (Vaults:5)
  A very ugly thing (Vaults:5)
  2 deep elf death magi (Vaults:5)
  2 ettins (Vaults:5)
  2 deep elf high priests (Vaults:5)
  3 yaktaur captains (Vaults:5)
  Fannar (D:10)
  3 hydras
  3 vault guards (Vaults:5)
  3 anacondas
  4 death yaks (Lair:3)
  An orc high priest (Orc:2)
  A naga sharpshooter (Snake:1)
  A deep troll (Vaults:5)
  3 phantasmal warriors (Vaults:5)
  An orc knight (Vaults:5)
  A necromancer (Vaults:5)
  A wolf spider (Lair:1)
  A mana viper (Snake:1)
  A toenail golem (Zot:5)
  A vault sentinel (Vaults:5)
  2 elephants
  A naga mage (Snake:1)
  3 cane toads
  2 black mambas
  2 rime drakes
  2 freezing wraiths (Vaults:5)
  3 komodo dragons
  6 yaktaurs (Vaults:5)
  5 blink frogs
  5 dream sheep (Lair:3)
  A jumping spider (shapeshifter) (Vaults:5)
  11 yaks
  A basilisk (Lair:2)
  2 humans
  A chaos spawn (Depths:2)
  3 nagas
  An acid dragon (D:11)
  2 water moccasins
  3 orc warriors
  An ogre (Orc:1)
  9 wolves (Lair:1)
  A bullfrog (Lair:2)
  2 killer bees (D:11)
  2 orc wizards
  A small abomination (Abyss:3)
  8 orcs
  3 snaplasher vines
  15 starspawn tentacles
  3 tentacles (Shoals:2)
164 creatures vanquished.

Grand Total: 2497 creatures vanquished

Notes
Turn   | Place    | Note
-------+----------+-------------------------------------------
     0 | D:1      | KimchiStew the Merfolk Summoner began the quest for the
                  | Orb.
     0 | D:1      | Reached XP level 1. HP: 13/13 MP: 3/3
     7 | D:1      | Noticed a redback
     7 | D:1      | Noticed a salamander
     8 | D:1      | Noticed a black bear
     8 | D:1      | Noticed a hound
   176 | D:1      | Reached skill level 1 in Fighting
   193 | D:1      | Found a faded altar of an unknown god.
   267 | D:1      | Reached XP level 2. HP: 14/22 MP: 1/5
   364 | D:1      | Learned a level 2 spell: Call Imp
   552 | D:1      | Reached XP level 3. HP: 27/28 MP: 3/6
  1032 | D:2      | Found Widduxib's Distillery.
  1047 | D:2      | Bought a potion of curing for 30 gold pieces
  1691 | D:2      | Reached XP level 4. HP: 27/37 MP: 3/7
  1834 | D:3      | Found a snail-covered altar of Cheibriados.
  1882 | D:3      | Learned a level 3 spell: Call Canine Familiar
  2025 | D:3      | Found a glowing drain.
  2068 | D:3      | Reached XP level 5. HP: 42/42 MP: 5/9
  2100 | Sewer    | Entered a sewer
  2241 | Sewer    | Reached skill level 1 in Polearms
  2241 | Sewer    | Reached XP level 6. HP: 48/48 MP: 5/12
  2535 | D:3      | Found an opulent altar of Gozag.
  2589 | D:3      | Became a worshipper of Gozag Ym Sagoz the Greedy
  2983 | D:4      | Reached skill level 5 in Summonings
  3083 | D:4      | Found a staircase to the Ecumenical Temple.
  3115 | D:4      | Reached XP level 7. HP: 52/54 MP: 9/13
  3764 | D:5      | Entered Level 5 of the Dungeon
  4476 | D:5      | Reached XP level 8. HP: 60/60 MP: 14/14
  4859 | D:6      | Reached skill level 5 in Polearms
  5465 | D:6      | Bought an embroidered cloak for 270 gold pieces
  5752 | D:7      | Found a runed translucent door.
  5933 | D:7      | Reached XP level 9. HP: 65/65 MP: 9/15
  6082 | D:7      | Found the necklace of Bloodlust {Fury *Rage Will++ Int-3
                  | Slay+6}
  6083 | D:7      | Noticed a freezing wraith
  6322 | D:7      | Noticed a cyclops
  6342 | D:7      | Noticed a gargoyle
  6965 | D:8      | Reached skill level 10 in Polearms
  7302 | D:9      | Reached skill level 5 in Fighting
  8389 | D:9      | Found a staircase to the Lair.
  8781 | D:9      | Found a shadowy altar of Dithmenos.
  8896 | D:9      | Reached XP level 10. HP: 58/83 MP: 16/16
  9105 | D:10     | Entered Level 10 of the Dungeon
  9160 | D:10     | Found an ancient bone altar of Kikubaaqudgha.
  9186 | D:10     | Noticed Erolcha
  9275 | D:10     | Noticed Fannar
  9408 | D:10     | Killed Erolcha
  9409 | D:10     | Reached skill level 10 in Fighting
  9437 | D:10     | Found a flagged portal.
  9461 | Bailey   | Entered a bailey
  9681 | Bailey   | Noticed an orc knight
  9701 | Bailey   | Reached skill level 5 in Dodging
  9840 | Bailey   | Killed an orc knight
 10069 | D:10     | Noticed a two-headed ogre
 10102 | D:10     | Killed a two-headed ogre
 10495 | D:11     | Learned a level 3 spell: Summon Guardian Golem
 10519 | D:11     | Found an opulent altar of Gozag.
 10601 | D:10     | Reached skill level 1 in Hexes
 10681 | D:10     | Noticed a gargoyle
 10683 | D:10     | Reached skill level 10 in Dodging
 10701 | D:10     | Killed a gargoyle
 10702 | D:10     | Reached XP level 11. HP: 90/90 MP: 7/17
 10711 | D:10     | Reached skill level 1 in Throwing
 10723 | D:10     | Killed Fannar
 10816 | D:10     | Bought a +1 triple sword of freezing for 375 gold pieces
 10915 | D:10     | Found a staircase to the Orcish Mines.
 11415 | D:7      | Reached skill level 1 in Long Blades
 11442 | D:7      | Learned a level 4 spell: Manifold Assault
 11442 | D:7      | Identified the +5 battleaxe of the Skies Above {freeze, rC+
                  | Dex+2}
 11443 | D:7      | Identified the +3 ring mail "Eduxusch" {rElec Dex+3}
 11456 | D:7      | Identified the +8 spear of Incongruity {freeze, Will++}
 11613 | D:7      | Reached skill level 2 in Long Blades
 11922 | D:7      | Killed a cyclops
 12216 | D:11     | Noticed a cyclops
 12234 | D:11     | Killed a cyclops
 12235 | D:11     | Reached skill level 3 in Long Blades
 13202 | Orc:1    | Entered Level 1 of the Orcish Mines
 13202 | Orc:1    | Noticed an ettin
 13242 | Orc:1    | Killed an ettin
 13243 | Orc:1    | Reached skill level 5 in Throwing
 13246 | Orc:1    | Noticed an orc sorcerer
 13265 | Orc:1    | Killed an orc sorcerer
 13266 | Orc:1    | Reached skill level 4 in Long Blades
 13511 | Orc:1    | Noticed an ettin
 13537 | Orc:1    | Killed an ettin
 13538 | Orc:1    | Reached skill level 5 in Long Blades
 13623 | Orc:1    | Noticed a moth of wrath
 13626 | Orc:1    | Noticed an ettin
 13627 | Orc:1    | Noticed a moth of wrath
 13658 | Orc:1    | Found a bloodstained altar of Trog.
 13756 | Orc:1    | Noticed a two-headed ogre
 13774 | Orc:1    | Killed a two-headed ogre
 13872 | Orc:1    | Found a transporter.
 13873 | Orc:1    | Noticed a moth of wrath
 13882 | Orc:1    | Noticed a moth of wrath
 13919 | Orc:2    | Entered Level 2 of the Orcish Mines
 13922 | Orc:1    | Noticed a two-headed ogre
 13939 | Orc:1    | Killed a two-headed ogre
 13940 | Orc:1    | Reached skill level 6 in Long Blades
 13940 | Orc:1    | Reached XP level 12. HP: 79/99 MP: 8/18
 14088 | Orc:1    | Reached skill level 7 in Long Blades
 14276 | Orc:1    | Noticed an orc warlord
 14496 | Lair:1   | Entered Level 1 of the Lair of Beasts
 14605 | Lair:1   | Reached skill level 8 in Long Blades
 14873 | Lair:1   | Reached skill level 9 in Long Blades
 15655 | Lair:1   | Reached skill level 10 in Long Blades
 16169 | Lair:2   | Reached XP level 13. HP: 80/108 MP: 4/19
 16599 | Lair:2   | Reached skill level 11 in Long Blades
 16939 | Lair:2   | Found a staircase to the Snake Pit.
 17685 | Lair:2   | Found a runed translucent door.
 17685 | Lair:2   | Noticed a tentacled starspawn
 18154 | Lair:3   | Reached skill level 12 in Long Blades
 18204 | Lair:3   | Found a staircase to the Shoals.
 19033 | Lair:3   | Noticed Gastronok
 19059 | Lair:3   | Killed Gastronok
 19060 | Lair:3   | Reached skill level 13 in Long Blades
 19396 | Lair:3   | Identified a scroll of acquirement
 19397 | Lair:3   | Acquired 627 gold pieces
 19401 | Lair:3   | Bought the ring "Sajaumeng" {Wiz +Blink MP+9 Str+3 SInv}
                  | for 1247 gold pieces
 20368 | Lair:4   | Noticed Rupert
 20465 | Lair:4   | Found a runed translucent gate.
 20502 | Lair:4   | Reached XP level 14. HP: 110/118 MP: 20/20
 20505 | Lair:4   | Reached skill level 14 in Long Blades
 20532 | Lair:4   | Killed Rupert
 20554 | Lair:4   | Reached skill level 15 in Long Blades
 20719 | Lair:4   | Found a viscous altar of Jiyva.
 20719 | Lair:4   | Found a staircase to the Slime Pits.
 20734 | Lair:4   | Noticed Reshi88's ghost (journeyman SpHu)
 20735 | Lair:4   | Found a runed translucent gate.
 20735 | Lair:4   | Found a runed translucent gate.
 21744 | Lair:4   | Killed Reshi88's ghost
 21852 | Lair:5   | Entered Level 5 of the Lair of Beasts
 22070 | Lair:5   | Noticed a dire elephant
 22071 | Lair:5   | Noticed a dire elephant
 22081 | Lair:5   | Noticed a dire elephant
 22180 | Lair:5   | Reached skill level 16 in Long Blades
 23099 | Lair:5   | Identified the orb of the Tarantula {*Rage, rCorr}
 23455 | Lair:5   | Learned a level 3 spell: Tukima's Dance
 23835 | Orc:2    | Noticed an orc warlord
 23929 | Orc:1    | Killed an orc warlord
 23970 | Orc:1    | Noticed Harold
 24294 | Orc:1    | Reached skill level 1 in Translocations
 24415 | Orc:1    | Killed an orc warlord
 24788 | Orc:2    | Reached XP level 15. HP: 127/127 MP: 21/21
 24903 | Orc:1    | Noticed an orc warlord
 25112 | Orc:2    | Killed an orc warlord
 25435 | Orc:2    | Reached skill level 17 in Long Blades
 25751 | Orc:1    | Reached skill level 5 in Hexes
 25870 | Orc:1    | Killed Harold
 25955 | Orc:1    | Identified the +0 pair of gloves "Aramuke" {Regen+}
 26475 | Orc:2    | Reached skill level 5 in Spellcasting
 26575 | Orc:2    | Found a staircase to the Elven Halls.
 26594 | Orc:2    | Found Vaocom's Armour Shop.
 26770 | Orc:2    | Found Enam's Antique Armour Shoppe.
 26771 | Orc:2    | Found Rexoew's Antique Weapon Shoppe.
 26773 | Orc:2    | Found Yxtagyos's General Store.
 26773 | Orc:2    | Found Qownepnesch's Book Emporium.
 26798 | Orc:2    | Bought a scroll of brand weapon for 161 gold pieces
 26798 | Orc:2    | Bought a scroll of butterflies for 68 gold pieces
 26798 | Orc:2    | Bought a scroll of blinking for 127 gold pieces
 26798 | Orc:2    | Bought a scroll of blinking for 127 gold pieces
 27142 | Orc:2    | Bought a +1 cloak of poison resistance for 162 gold pieces
 27330 | Snake:1  | Entered Level 1 of the Snake Pit
 27341 | Snake:1  | Found the sphere of Battle
 27405 | Snake:1  | Reached skill level 15 in Fighting
 27688 | Snake:1  | Learned a level 2 spell: Lesser Beckoning
 27826 | Snake:1  | Reached skill level 18 in Long Blades
 29418 | Snake:2  | Reached XP level 16. HP: 129/136 MP: 25/25
 29587 | Snake:2  | Noticed Aizul
 29612 | Snake:2  | Killed Aizul
 29613 | Snake:2  | Reached skill level 5 in Translocations
 30790 | Snake:3  | Reached skill level 19 in Long Blades
 32184 | Snake:4  | Entered Level 4 of the Snake Pit
 32275 | Shoals:1 | Entered Level 1 of the Shoals
 32930 | Shoals:1 | Acquired the scarf "Wowni" {repulsion, Will+}
 33251 | Shoals:1 | Noticed Donald
 33288 | Shoals:1 | Killed Donald
 34094 | Shoals:2 | Noticed Louise
 34352 | Shoals:2 | Killed Louise
 34804 | Shoals:2 | Reached XP level 17. HP: 142/142 MP: 17/28
 34810 | Shoals:2 | Reached skill level 20 in Long Blades
 35721 | Shoals:2 | Noticed a kraken
 35727 | Shoals:2 | Killed a kraken
 36106 | Shoals:3 | Noticed Polyphemus
 36481 | Shoals:3 | Killed Polyphemus
 36695 | Shoals:3 | Noticed Mara
 36864 | Shoals:3 | Noticed KimchiStew's illusion
 36928 | Shoals:3 | Killed Mara
 37081 | Shoals:3 | Reached skill level 10 in Translocations
 38142 | Shoals:4 | Entered Level 4 of the Shoals
 38708 | Shoals:4 | Identified the +4 rapier of Painful Death {spect, rC+}
 39173 | Shoals:4 | Identified the +0 arbalest "Riojakh" {flame, rElec rCorr
                  | Int-2 Dex+6}
 40402 | Shoals:4 | Got a barnacled rune of Zot
 40432 | Shoals:4 | Learned a level 5 spell: Yara's Violent Unravelling
 40717 | Shoals:4 | Identified the +8 sling "Wabangin" {speed, rC+ Will+ MP+9
                  | Stlth+}
 40725 | Shoals:4 | Reached skill level 1 in Transmutations
 40925 | Shoals:4 | Reached XP level 18. HP: 149/149 MP: 11/30
 41321 | Shoals:4 | Reached skill level 5 in Transmutations
 42875 | Snake:4  | Reached skill level 1 in Evocations
 43752 | Snake:4  | Noticed Kirke
 43764 | Snake:4  | Killed Kirke
 43775 | Snake:4  | Reached skill level 5 in Evocations
 43979 | Snake:4  | Got a serpentine rune of Zot
 45959 | D:12     | Found a portal to a secret trove of treasure.
 46052 | D:12     | Bought a scroll of vulnerability for 64 gold pieces
 46169 | D:13     | Found a frozen archway.
 46262 | IceCv    | Entered an ice cave
 47578 | IceCv    | Identified the ring "Wurussae" {Fire Drain +Blink rPois}
 47966 | D:13     | Found a gate to the Vaults.
 47993 | D:13     | Identified the +3 broad axe of Riupum {elec, rElec Will+
                  | Stlth-}
 49411 | D:14     | Reached XP level 19. HP: 155/155 MP: 31/31
 49466 | D:14     | Got the Codex of Zombies
 49618 | D:14     | Paralysed by a floating eye for 2 turns
 50017 | D:14     | Identified Roxanne's Monograph on Shapeshifting
 50017 | D:14     | Noticed Roxanne
 50155 | D:14     | Killed Roxanne
 50330 | D:14     | Learned a level 6 spell: Statue Form
 50426 | D:15     | Entered Level 15 of the Dungeon
 50770 | D:15     | Reached skill level 1 in Earth Magic
 50910 | D:15     | Reached skill level 21 in Long Blades
 51066 | D:15     | Noticed Azrael
 51073 | D:15     | Killed Azrael
 51140 | D:15     | Found a staircase to the Depths.
 52010 | Vaults:1 | Entered Level 1 of the Vaults
 52820 | Vaults:1 | Found a gateway to a bazaar.
 52841 | Bazaar   | Entered a bazaar
 52844 | Bazaar   | Found Liveol's Distillery.
 52857 | Bazaar   | Found Nudi's Weapon Shop.
 52862 | Bazaar   | Bought 3 silver boomerangs for 234 gold pieces
 52878 | Bazaar   | Found Fuomu's Magic Scroll Boutique.
 52886 | Bazaar   | Bought a scroll of acquirement for 728 gold pieces
 52886 | Bazaar   | Bought a scroll of teleportation for 42 gold pieces
 52886 | Bazaar   | Bought a scroll of butterflies for 56 gold pieces
 52886 | Bazaar   | Bought a scroll of enchant armour for 105 gold pieces
 52915 | Bazaar   | Found Nesej's Armour Boutique.
 52933 | Vaults:1 | Acquired the +0 pair of boots of Xuitalep {Str+3 Dex+8}
 52977 | Vaults:1 | Identified the +0 hat "Qecel" {rF+ Int+4 SInv}
 53119 | Vaults:1 | Reached skill level 10 in Transmutations
 53695 | Vaults:1 | Found a runed translucent door.
 53758 | Vaults:1 | Noticed Kejiv's ghost (adept AtNe)
 54378 | Vaults:1 | Killed Kejiv's ghost
 54887 | Vaults:2 | Reached XP level 20. HP: 162/162 MP: 12/32
 54889 | Vaults:2 | Reached skill level 5 in Earth Magic
 55136 | Vaults:2 | Reached skill level 22 in Long Blades
 55251 | Vaults:2 | Acquired 855 gold pieces
 57000 | Vaults:3 | Learned a level 5 spell: Summon Forest
 57019 | Vaults:3 | Found a runed translucent door.
 57021 | Vaults:3 | Noticed Dyrphilu's ghost (adept GnMo)
 57551 | Vaults:3 | Found a staircase to the Crypt.
 58443 | Vaults:4 | Found Xinliud's Antique Weapon Shop.
 58474 | Vaults:4 | Found Haxuf's Assorted Antiques.
 58482 | Vaults:4 | Bought a scroll of teleportation for 105 gold pieces
 58504 | Vaults:4 | Reached XP level 21. HP: 143/169 MP: 17/34
 58623 | Vaults:4 | Reached skill level 15 in Transmutations
 58765 | Vaults:4 | Found Yniefale's Book Emporium.
 59283 | Vaults:4 | Found Vuqa's Distillery.
 59291 | Vaults:4 | Bought a potion of heal wounds for 85 gold pieces
 59291 | Vaults:4 | Bought a potion of berserk rage for 85 gold pieces
 59291 | Vaults:4 | Bought a potion of resistance for 170 gold pieces
 59291 | Vaults:4 | Bought a potion of brilliance for 68 gold pieces
 59291 | Vaults:4 | Bought a potion of heal wounds for 85 gold pieces
 60087 | Elf:1    | Entered Level 1 of the Elven Halls
 60103 | Elf:1    | Found an ancient bone altar of Kikubaaqudgha.
 60583 | Elf:1    | Reached skill level 10 in Spellcasting
 60604 | Elf:1    | Found Arisihau's Magic Scroll Shop.
 60688 | Elf:1    | Bought a scroll of vulnerability for 44 gold pieces
 60688 | Elf:1    | Bought a scroll of teleportation for 33 gold pieces
 60688 | Elf:1    | Bought a scroll of immolation for 44 gold pieces
 60688 | Elf:1    | Bought a scroll of teleportation for 33 gold pieces
 60688 | Elf:1    | Bought 2 scrolls of teleportation for 66 gold pieces
 60688 | Elf:1    | Bought a scroll of fear for 44 gold pieces
 60791 | Elf:1    | Reached skill level 10 in Summonings
 61354 | Elf:1    | Identified the +5 glaive of Trauma {speed, rF+ Dex+6 SInv}
 61797 | Elf:2    | Identified the +8 falchion "Dinoug" {speed, rElec}
 62015 | Elf:2    | Found a runed translucent gate.
 62015 | Elf:2    | Found a runed translucent gate.
 62015 | Elf:2    | Found a runed translucent gate.
 62091 | Elf:3    | Entered Level 3 of the Elven Halls
 62236 | Elf:3    | Noticed Bai Suzhen
 62249 | Elf:3    | Killed Bai Suzhen
 62341 | Elf:3    | Noticed Saint Roka
 62350 | Elf:3    | Killed Saint Roka
 62380 | Elf:3    | Found Jooziav's Book Shoppe.
 62385 | Elf:3    | Found Fonnotat's Magic Scroll Shoppe.
 62400 | Elf:3    | Bought a scroll of fog for 60 gold pieces
 62400 | Elf:3    | Bought a scroll of fog for 60 gold pieces
 62400 | Elf:3    | Bought a scroll of fog for 60 gold pieces
 62778 | Elf:3    | Reached XP level 22. HP: 181/181 MP: 36/36
 62801 | Elf:3    | Reached skill level 10 in Earth Magic
 63036 | Elf:3    | Identified the staff of poison "Ciymimno" {rPois rF+ Will-
                  | Str+7 Int-4}
 63042 | Elf:3    | Identified the ring of the Chewing Gods {rF+ rC+ MP+9
                  | Int-4}
 63066 | Elf:3    | Identified the staff of poison "Lilaibup" {rPois Str+4}
 63125 | Elf:3    | Found the +2 hat of the Bear Spirit {Spirit, Bear, *Rage
                  | Will++}
 63200 | Elf:3    | Identified the amulet of Coptezid {Acrobat Slay+2 SInv}
 63761 | Vaults:5 | Entered Level 5 of the Vaults
 63971 | Vaults:5 | Noticed a golden dragon
 64019 | Vaults:5 | Killed a golden dragon
 64076 | Vaults:5 | Reached skill level 10 in Evocations
 64077 | Vaults:5 | Reached skill level 15 in Dodging
 64103 | Vaults:5 | Reached skill level 10 in Hexes
 64166 | Vaults:5 | Identified the +1 leather armour of Zoydes {Will+}
 64324 | Vaults:5 | Identified the ring of the Fool {Wiz rCorr Dex+2 SInv}
 64330 | Vaults:5 | Identified the +5 great mace of Offence {protect, Contam
                  | Str+6 Dex+8}
 64514 | Vaults:5 | Reached XP level 23. HP: 177/178 MP: 37/37
 64679 | Vaults:5 | Identified the +1 long sword "Ocraido" {flame, MP+9}
 64686 | Vaults:5 | Identified the +6 scale mail "Nayt" {Rampage MP-9 Int+3}
 64693 | Vaults:5 | Identified the +1 helmet "Mekaly" {rF+}
 64752 | Vaults:5 | Got the Elucidation of the Ghoulish Spider
 64757 | Vaults:5 | Identified the +7 sling of Change {freeze, Dex+3}
 64966 | Vaults:5 | Noticed a golden dragon
 64973 | Vaults:5 | Killed a golden dragon
 65234 | Vaults:5 | Got Quarrimy's Lectures on Allies
 65254 | Vaults:5 | Identified the staff of fire "Feacenke" {rF+ rC+}
 65265 | Vaults:5 | Got a silver rune of Zot
 65540 | Vaults:5 | Acquired 888 gold pieces
 65544 | Vaults:5 | Acquired 807 gold pieces
 65822 | Depths:1 | Entered Level 1 of the Depths
 65822 | Depths:1 | Found a one-way gate leading to the halls of Pandemonium.
 66423 | Depths:1 | Found a one-way gateway to a ziggurat.
 66477 | Depths:1 | Found a corrupted altar of Lugonu.
 66496 | Depths:1 | Found Inku Vya's Book Shop.
 66498 | Depths:1 | Found Uryanuiff's Jewellery Shoppe.
 66499 | Depths:1 | Found Saabum's Book Shop.
 66512 | Depths:1 | Bought a manual of Armour for 1200 gold pieces
 66730 | Depths:1 | Found a one-way gate to the infinite horrors of the Abyss.
 67147 | Depths:1 | Found a gateway to Hell.
 67364 | Depths:1 | Found Koucleoch's Serpentskin Sales.
 67615 | Depths:2 | Paralysed by a sphinx for 4 turns
 68030 | Depths:2 | Noticed a royal mummy
 68038 | Depths:2 | Killed a royal mummy
 68601 | Depths:2 | Learned a level 7 spell: Enfeeble
 68634 | Depths:2 | Reached skill level 1 in Armour
 68676 | Depths:2 | Reached XP level 24. HP: 195/195 MP: 32/38
 69581 | Depths:3 | Found the amulet of the Air {Inacc Air Fly rElec RMsl}
 70221 | Depths:3 | Noticed Mennas
 70250 | Depths:3 | Killed Mennas
 70303 | Depths:3 | Found an ancient bone altar of Kikubaaqudgha.
 70558 | Depths:3 | You fall into a shaft and drop 1 floor!
 70558 | Depths:4 | Entered Level 4 of the Depths
 70739 | Depths:3 | Reached skill level 5 in Armour
 71443 | Depths:4 | Found a gate to the Realm of Zot.
 71498 | Depths:4 | Noticed a caustic shrike
 71501 | Depths:4 | Noticed a caustic shrike
 71501 | Depths:4 | Noticed a caustic shrike
 71502 | Depths:4 | Noticed a caustic shrike
 71510 | Depths:4 | Killed a caustic shrike
 71511 | Depths:4 | Killed a caustic shrike
 71513 | Depths:4 | Killed a caustic shrike
 71513 | Depths:4 | Killed a caustic shrike
 71669 | Depths:4 | Reached XP level 25. HP: 197/204 MP: 20/39
 72399 | Slime:1  | Entered Level 1 of the Pits of Slime
 72832 | Slime:5  | Entered Level 5 of the Pits of Slime
 72867 | Slime:5  | Noticed the Royal Jelly
 73506 | Slime:5  | Gained mutation: You have hidden genetic potential. [a
                  | shining eye]
 73781 | Slime:5  | Killed the Royal Jelly
 73892 | Slime:5  | Identified the staff of fire "Mafuas" {rF+ rC- Str+4 Int+4}
 73932 | Slime:5  | Got a slimy rune of Zot
 73967 | Slime:5  | Identified the +1 scale mail of the Lich-sworn {Rampage rC-
                  | Stlth+}
 73992 | Slime:5  | Identified the +0 cloak "Kisin" {Dex+2}
 74620 | Depths:1 | Voluntarily entered the Abyss.
 74620 | Abyss:1  | Found a corrupted altar of Lugonu.
 74768 | Abyss:1  | Noticed a dread lich
 75000 | Abyss:3  | Noticed an ancient lich
 75004 | Abyss:3  | Killed an ancient lich
 75073 | Depths:1 | Escaped the Abyss
 75188 | Depths:3 | Voluntarily entered the Abyss.
 75258 | Abyss:3  | Found a corrupted altar of Lugonu.
 75450 | Abyss:3  | Gained mutation: You are frail. (-10% HP) [a neqoxec]
 75452 | Abyss:3  | Gained mutation: You are vulnerable to cold. (rC-) [a
                  | neqoxec]
 75530 | Abyss:3  | Gained mutation: You occasionally lose the ability to drink
                  | potions when taking damage. [a cacodemon]
 75531 | Abyss:3  | Gained mutation: You sometimes lose your temper in combat.
                  | [a cacodemon]
 75533 | Abyss:3  | Gained mutation: You occasionally lose the ability to read
                  | scrolls when taking damage. [a cacodemon]
 75535 | Abyss:3  | Lost mutation: You have hidden genetic potential. [potion
                  | of mutation]
 75535 | Abyss:3  | Lost mutation: You occasionally lose the ability to read
                  | scrolls when taking damage. [potion of mutation]
 75535 | Abyss:3  | Lost mutation: You occasionally lose the ability to drink
                  | potions when taking damage. [potion of mutation]
 75535 | Abyss:3  | Gained mutation: Your muscles are strong. (Str +4, Int/Dex
                  | -1) [potion of mutation]
 75535 | Abyss:3  | Gained mutation: You are clumsy. (Dex -2) [potion of
                  | mutation]
 75537 | Abyss:3  | Lost mutation: Your muscles are strong. (Str +4, Int/Dex
                  | -1) [potion of mutation]
 75537 | Abyss:3  | Lost mutation: You sometimes lose your temper in combat.
                  | [potion of mutation]
 75537 | Abyss:3  | Lost mutation: You are vulnerable to cold. (rC-) [potion of
                  | mutation]
 75537 | Abyss:3  | Gained mutation: You passively dampen the noise of your
                  | surroundings. [potion of mutation]
 75537 | Abyss:3  | Gained mutation: You have a pair of small horns on your
                  | head. [potion of mutation]
 75554 | Abyss:3  | Found a corrupted altar of Lugonu.
 75623 | Abyss:3  | Reached skill level 10 in Armour
 75659 | Abyss:3  | Found a corrupted altar of Lugonu.
 75872 | Depths:3 | Escaped the Abyss
 75874 | Depths:3 | Voluntarily entered the Abyss.
 76330 | Depths:3 | Escaped the Abyss
 76437 | Depths:1 | Voluntarily entered the Abyss.
 76665 | Abyss:3  | Reached skill level 15 in Hexes
 76726 | Abyss:3  | Reached XP level 26. HP: 189/189 MP: 35/39
 77325 | Abyss:3  | Noticed a dread lich
 77344 | Abyss:3  | Killed a dread lich
 77533 | Abyss:4  | Noticed a dread lich
 77557 | Abyss:4  | Killed a dread lich
 77718 | Abyss:4  | Found a basalt altar of Yredelemnul.
 77918 | Depths:1 | Escaped the Abyss
 78052 | Zot:1    | Entered Level 1 of the Realm of Zot
 78440 | Zot:5    | Entered Level 5 of the Realm of Zot
 78510 | Zot:5    | Reached skill level 23 in Long Blades
 79090 | Zot:5    | Reached skill level 24 in Long Blades
 79307 | Zot:5    | Reached XP level 27. HP: 197/197 MP: 39/39
 79331 | Zot:5    | Noticed a dread lich
 79334 | Zot:5    | Noticed an orb of fire
 79336 | Zot:5    | Killed a dread lich
 79337 | Zot:5    | Noticed an orb of fire
 79340 | Zot:5    | Noticed an orb of fire
 79385 | Zot:5    | Reached skill level 25 in Long Blades
 79408 | Zot:5    | Got the Orb of Zot
 79513 | Zot:4    | Noticed Mgcat's ghost (veteran AtFi)
 79699 | D:15     | Noticed Izuomemp the pandemonium lord
 79716 | D:15     | Killed Izuomemp the pandemonium lord
 79831 | D:9      | Noticed Mufryim the pandemonium lord
 79839 | D:9      | Killed Mufryim the pandemonium lord
 79931 | D:6      | Noticed Ycuisu the pandemonium lord
 80077 | D:1      | Noticed Ofoghyo the pandemonium lord
 80212 | D:$      | Escaped with the Orb!

Illustrated notes

Levels and vault maps discovered:
D:1:      onia_arrival_zoo_common, layout_rooms,
          hellmonk_ecumenical_altar_heavens_door
D:2:      minmay_skewed_foursquare, layout_basic, serial_shops, shop
D:3:      layout_basic, slow_altar_2, lemuel_tele_altar, gup_sewer_entry_glass,
          kennysheep_generic_room_13
D:4:      layout_rooms, temple_doors_e, minmay_ogre_servants
D:5:      layout_basic
D:6:      layout_basic, skrybe_limestone_x, kennysheep_generic_room_4
D:7:      minmay_the_grid_four_pointed_star
          [minmay_the_grid_triangle_9x9_zippers_vertical,
          minmay_the_grid_triangle_9x9_subtriangle,
          minmay_the_grid_triangle_9x9_corrupted_corridor,
          minmay_the_grid_triangle_9x9_intruding_spiral,
          minmay_the_grid_prize_diamond_cup], layout_basic,
          hangedman_decor_diamond_cutter
D:8:      layout_rooms
D:9:      layout_long_grid, mainiacjoe_overflow_brackets,
          erik_lair_orcish_takeover
D:10:     layout_irregular_city, kiku_gazebo_garden_becter, hiddenorc2_lemuel,
          enter_bailey_5, uniq_erolcha, uniq_fannar
D:11:     layout_cross, serial_column_ruins, column_ruins_open_small,
          column_ruins_corridor_corner, column_ruins_grid_3,
          column_ruins_corridor_straight, column_ruins_open_small,
          nicolae_gozag_seed_capital
D:12:     layout_roguey, trove_entry_hex_spiral
D:13:     layout_roguey, ximxim_vaults_locker_room,
          portal_ice_cave_entry_pillars_1
D:14:     cheibrodos_hippocracy, layout_stronghold, minmay_strange_pillars,
          serial_column_ruins, column_ruins_circle_small,
          column_ruins_hut_ruined, column_ruins_open_small_water,
          column_ruins_columns_dead_end, column_ruins_corridor_straight,
          column_ruins_grid_1, column_ruins_corridor_straight, pond,
          uniq_roxanne
D:15:     hangedman_depths_entry_civil_slaughter, layout_stronghold, hex_tiny,
          serial_co_window_serial, co_window_corner_a, co_window_cross_1,
          co_window_paths_a, co_window_cross_1, co_window_corner_a,
          co_window_corner_a, co_window_of_opportunity_a,
          co_window_unsneaky_path_b, co_window_of_opportunity_c,
          co_window_corner_b, co_window_corner_b, co_window_cross_3,
          co_window_unsneaky_path_c, co_window_paths_c, glass_columns_a,
          uniq_azrael
Lair:1:   layout_cave_pods, nicolae_lair_run_with_the_wolves
Lair:2:   layout_chaotic_city, minmay_snake_entry_six_corridors,
          pdpol_lair_cabin_in_the_woods
Lair:3:   layout_chaotic_city, minmay_shoals_entry_beasts,
          infiniplex_staircase_pool, grunt_megastairs_2, uniq_gastronok
Lair:4:   layout_long_grid, dpeg_slime_entry_enclosed,
          gammafunk_ghost_hydra_chop, uniq_rupert
Lair:5:   due_jungle_book, layout_loops_ring
Shoals:1: layout_shoals, uniq_donald
Shoals:2: layout_shoals, nicolae_shoals_kraken_intersection, uniq_louise
Shoals:3: nzn_motion_control, layout_shoals, uniq_mara, uniq_polyphemus
Shoals:4: shoals_end_grunt_garden, layout_shoals
Snake:1:  layout_grid_maze
Snake:2:  layout_grid_shapes, st_stairs_5, grunt_megastairs_3,
          lemuel_fruit_tree, uniq_aizul
Snake:3:  layout_onion, nicolae_integral_box
Snake:4:  snake_pit, layout_layer_cave, guppyfry_snake_island, uniq_kirke
Slime:1:  layout_caves
Slime:2:  layout_caves
Slime:3:  layout_caves
Slime:4:  layout_caves
Slime:5
Orc:1:    emtedronai_trogs_sanctum, layout_diamond_mine, minmay_orc_treasury,
          uniq_harold
Orc:2:    st_orc_congregation, layout_caves, serial_shops, shop_statue,
          nicolae_orc_tapped_out
Elf:1:    eino_elf_arrival_sip, layout_geoelf_octagon, basic_altar,
          serial_shops, nicolae_shop_crystal,
          hangedman_elven_crosses_minicolossus, amcnicky_mini_pool_small
Elf:2:    nicolae_elf_blades_splatter_lattice [nicolae_blade_bullseye],
          layout_rooms, hex_medium
Elf:3:    minmay_elf_hall_spiked, layout_geoelf_grid, minmay_shop_star,
          uniq_bai_suzhen, uniq_saint_roka
Vaults:1: ebering_ghost_inner_flame, nicolae_vaults_double_plus_1,
          nicolae_vaults_steering_wheel, ontoclasm_vaults_claustrophobia,
          v_misc_17, nicolae_vaults_sesquioval_fish, nicolae_vaults_tangram_1,
          v_misc_11, layout_vaults_ring, serial_shops, bzr_entry_lakeside
Vaults:2: nicolae_vaults_double_plus_1, hangedman_vaults_pinch, v_pattern_1,
          nicolae_vaults_door_testing_chamber, nicolae_vaults_turnstiles,
          v_misc_1, v_misc_5, st_cross, layout_vaults_big_room
Vaults:3: ebering_ghost_reflecting_pool, minmay_crypt_entry_simple_box,
          vaults_room_corners, nicolae_vaults_offset_grid_hallway_1,
          ontoclasm_vaults_ring_large, hangedman_vaults_slice,
          layout_vaults_quadrants
Vaults:4: dpeg_vaults_waves, nicolae_vaults_tetromino_L_1,
          nicolae_vaults_closet_pinwheel_3, nicolae_vaults_apartment_2,
          v_misc_1, nicolae_vaults_tetromino_Z_1, nicolae_vaults_cochlea,
          nicolae_vaults_layer_cake_slice, v_pattern_3, layout_vaults_omnibox,
          serial_shops, nicolae_shop_just_a_little_nook,
          nicolae_shop_overgrown_old_shop, nicolae_book_shop_shelving,
          nicolae_lakefront_shop
Vaults:5: serial_shops
Depths:1: layout_cave_pools, enter_ziggurat_c,
          nicolae_hell_entry_hellmouth_sunbeams, pan_entry,
          abyss_entry_flame_altar, grunt_decor_junction, minmay_door_square,
          minmay_gold_behind_fungi, guppyfry_shop_venom, minmay_shop_grove
Depths:2: ragdoll_tomb_raider, layout_small_grid, grunt_pan_entry_spiral,
          reono_crystal_passage, hell_entry, kennysheep_donut
Depths:3: evilmike_negative_zone, layout_basic, marbit_kobold_abyss_entry,
          hell_entry, infiniplex_staircase_pillars_3a, firewood_loft,
          roderic_lattice_octagonal_star, uniq_mennas
Depths:4: evilmike_zot_entry_diamond, layout_cave_shapes,
          pf_hell_entry_great_geh, hangedman_abyss_entry_splay,
          hangedman_decor_slide_cut
Zot:1:    layout_twisted_circle, st_stairs_13
Zot:2:    layout_misc_corridors, st_small_dragon_hoard_2,
          st_small_dragon_hoard_3
Zot:3:    layout_gridlike
Zot:4:    layout_misc_corridors, gammafunk_ghost_abyssal_escape, st_stairs_9
Zot:5:    layout_gridlike

Skill      XL: |  1  2  3  4  5  6  7  8  9 10 11 12 13 14 15 16 17 18 19 20 21 22 23 24 25 26 27 |
---------------+----------------------------------------------------------------------------------+-----
Fighting       | 1 2 3 4 9 10 12 13 14 15 17 18 19 | 19.2
Spellcasting   | 3 4 6 7 8 9 10 11 12 | 12.0
Polearms       | 1 3 4 8 10 | 10.0
Summonings     | 5 6 8 11 12 | 12.0
Dodging        | 10 11 12 14 16 18 19 21 22 23 | 23.1
Hexes          | 3 4 6 8 10 11 12 15 18 | 18.0
Throwing       | 5 |  5.0
Long Blades    | 6 10 13 16 18 19 20 21 22 24 25 | 25.8
Stealth        | 4 |  4.0
Translocations | 1 4 7 12 | 12.0
Transmutations | 3 8 11 14 15 16 | 16.1
Evocations     | 7 9 11 12 13 14 | 14.0
Earth Magic    | 4 7 9 10 | 10.0
Armour         | 1 6 10 | 10.0

Action                     |  1- 3 |  4- 6 |  7- 9 | 10-12 | 13-15 | 16-18 | 19-21 | 22-24 | 25-27 || total
---------------------------+-------+-------+-------+-------+-------+-------+-------+-------+-------++-------
  Melee: Dagger            |    90 |    32 |       |       |       |       |       |       |       ||   122
         Punch             |     1 |       |     1 |     2 |     4 |     1 |       |       |       ||     9
         Unarmed           |     1 |       |       |       |       |       |       |       |       ||     1
         Halberd           |       |    72 |   267 |   207 |       |       |       |       |       ||   546
         Spear             |       |       |   109 |   317 |   264 |       |       |       |       ||   690
         Triple sword      |       |       |       |       |   585 |  1476 |  1547 |  1769 |  1907 ||  7284
         Double sword      |       |       |       |       |     3 |     7 |       |       |       ||    10
         Tailslap          |       |       |       |       |       |    31 |     4 |     1 |     3 ||    39
         Headbutt          |       |       |       |       |       |       |       |       |   163 ||   163
  Throw: Dart              |       |       |       |       |     2 |     3 |       |     1 |       ||     6
   Cast: Summon Small Mamm |    24 |     7 |    34 |    51 |    68 |       |       |       |       ||   184
         Call Imp          |     8 |     7 |    26 |    34 |    56 |     9 |     1 |       |       ||   141
         Call Canine Famil |       |     8 |    40 |    69 |    76 |    12 |       |       |       ||   205
         Summon Guardian G |       |       |       |    29 |    59 |     9 |       |       |       ||    97
         Manifold Assault  |       |       |       |       |    13 |   538 |   639 |   622 |   711 ||  2523
         Lesser Beckoning  |       |       |       |       |    10 |    15 |    10 |     1 |     1 ||    37
         Yara's Violent Un |       |       |       |       |       |    11 |     8 |     2 |       ||    21
         Statue Form       |       |       |       |       |       |       |     1 |     7 |     7 ||    15
         Summon Forest     |       |       |       |       |       |       |     5 |     4 |     1 ||    10
 Invoke: Call Merchant     |       |       |     1 |     1 |     1 |     2 |       |     1 |       ||     6
         Potion Petition   |       |       |       |       |     4 |     7 |     4 |     6 |     2 ||    23
         Bribe Branch      |       |       |       |       |       |       |       |     1 |     2 ||     3
Ability: Evoke Blink       |       |       |       |       |     1 |     1 |       |       |       ||     2
  Evoke: Wand              |       |       |       |     8 |     5 |     7 |       |     1 |    11 ||    32
         Piece from Xom's  |       |       |       |       |       |     2 |       |       |       ||     2
         Box of beasts     |       |       |       |       |       |       |     2 |     1 |     2 ||     5
         Phantom mirror    |       |       |       |       |       |       |     1 |     1 |     2 ||     4
         Phial of floods   |       |       |       |       |       |       |       |     2 |       ||     2
    Use: Scroll            |     3 |     1 |     8 |    19 |    20 |    13 |     3 |    12 |    11 ||    90
         Potion            |       |       |     2 |     6 |    14 |     3 |     6 |    12 |     8 ||    51
   Stab: Distracted        |     1 |       |     6 |    13 |     9 |     3 |     8 |    10 |    10 ||    60
         Sleeping          |       |     8 |     3 |       |     2 |     4 |    10 |       |     1 ||    28
         Paralysed         |       |       |       |    15 |       |       |       |       |       ||    15
         Invisible         |       |       |       |       |    14 |       |     4 |       |     1 ||    19
 Armour: Leather armour    |    29 |    41 |   141 |    40 |       |       |       |       |       ||   251
         Skin              |     3 |       |       |       |    15 |       |     7 |   119 |    86 ||   230
         Ring mail         |       |       |       |    63 |   326 |   235 |   116 |   143 |   133 ||  1016
         Robe              |       |       |       |    11 |       |       |       |       |       ||    11
  Dodge: Dodged            |   102 |    78 |   237 |   266 |   882 |   714 |   436 |   876 |   933 ||  4524
         Repelled          |       |       |       |       |       |     4 |       |       |       ||     4
  Block: Other             |       |       |     5 |       |       |    20 |       |       |       ||    25
         Reflection        |       |       |       |       |       |     2 |       |       |       ||     2

Table legend: (Time is in decaauts)
 A = Elapsed time spent in this place.
 B = Non-inter-level travel time spent in this place.
 C = Inter-level travel time spent in this place.
 D = Time resting spent in this place.
 E = Time spent auto-exploring this place.
 F = Levels seen in this place.
 G = Mean time per level.
                   A        B        C        D        E       F      G
               +--------+--------+--------+--------+--------+-----+--------+
         Total |  78595 |  72710 |   5885 |  23467 |  28888 |  63 | 1247.5 |
       Dungeon |  19639 |  16573 |   3066 |   3359 |   7845 |  15 | 1309.3 |
          Lair |   9238 |   8631 |    607 |   3159 |   3508 |   5 | 1847.6 |
        Shoals |   8744 |   8644 |    100 |   4887 |   2223 |   4 | 2186.0 |
     Snake Pit |   8364 |   8063 |    301 |   3139 |   2997 |   4 | 2091.0 |
    Slime Pits |   1798 |   1746 |     52 |    802 |    160 |   5 |  359.6 |
  Orcish Mines |   5365 |   4753 |    612 |   1886 |   1330 |   2 | 2682.5 |
   Elven Halls |   3251 |   3074 |    177 |    385 |   1930 |   3 | 1083.7 |
        Vaults |   8961 |   8587 |    374 |   2248 |   4455 |   5 | 1792.2 |
        Depths |   6554 |   5982 |    572 |   1409 |   3242 |   4 | 1638.5 |
           Zot |   1532 |   1511 |     21 |    293 |    307 |   5 |  306.4 |
         Abyss |   2928 |   2928 |      0 |    582 |    764 |   7 |  418.3 |
        Bazaar |     89 |     89 |      0 |      0 |     79 |   1 |   89.0 |
         Sewer |    163 |    163 |      0 |     23 |      8 |   1 |  163.0 |
        Bailey |    569 |    569 |      0 |    248 |      0 |   1 |  569.0 |
      Ice Cave |   1395 |   1395 |      0 |   1043 |     36 |   1 | 1395.0 |
               +--------+--------+--------+--------+--------+-----+--------+

Top non-repeatable levels by time:
 Snake:4: 3052 daAuts
   Orc:2: 2953 daAuts
Shoals:4: 2698 daAuts
   Orc:1: 2411 daAuts
  Lair:3: 2278 daAuts
  Lair:4: 2278 daAuts
 Abyss:3: 2168 daAuts
Vaults:4: 2107 daAuts
Shoals:1: 2092 daAuts
     D:9: 2084 daAuts
Shoals:2: 2073 daAuts
Depths:3: 2065 daAuts
Depths:2: 1952 daAuts
 Snake:2: 1914 daAuts
    D:15: 1907 daAuts
